 Dungeon Crawl Stone Soup version 0.22-a0-303-g4a852b3 (webtiles) character file.

1180 torrenera the Covert (level 8, 0/40 HPs)
             Began as a Vine Stalker Enchanter on Mar 26, 2018.
             Was an Initiate of Dithmenos.
             Slain by a hornet zombie (4 damage)
             ... on level 6 of the Dungeon on Mar 27, 2018.
             The game lasted 00:18:12 (6039 turns).

torrenera the Covert (Vine Stalker Enchanter)       Turns: 6039, Time: 00:18:12

Health: 0/40       AC:  5    Str: 11    XL:     8   Next: 42%
Magic:  0/12       EV: 12    Int: 15    God:    Dithmenos [......]
Gold:   190        SH:  0    Dex: 17    Spells: 2/11 levels left

rFire    . . .     SeeInvis .   i - +2 short sword (freeze)
rCold    . . .     Gourm    .   (no shield)
rNeg     . . .     Faith    .   z - +0 robe {MR+}
rPois    .         Spirit   +   s - +1 hat
rElec    .         Reflect  .   t - +0 cloak
rCorr    .         Harm     .   (no gloves)
MR       +++..                  k - +0 pair of boots
Stlth    +++++.....             (no amulet)
HPRegen  0.53/turn              r - ring of flight
MPRegen  0.13/turn              x - ring of protection from magic

@: about to teleport
A: fangs 3, regeneration 1, magic shield, antimagic bite, no potion heal 3, rot
immunity
a: Renounce Religion, Evoke Flight


You were on level 6 of the Dungeon.
You worshipped Dithmenos.
Dithmenos was noncommittal.
You were hungry.

You visited 2 branches of the dungeon, and saw 7 of its levels.

You collected 268 gold pieces.
You spent 78 gold pieces at shops.

Inventory:

Hand Weapons
 b - a +0 whip of electrocution
 i - a +2 short sword of freezing (weapon)
 m - the +2 long sword "Inluid" {slice, Str+2 SInv}
   (You found it on level 5 of the Dungeon)

   It inflicts extra damage upon your enemies.
   It affects your strength (+2).
   It lets you see invisible.
Missiles
 g - 34 poisoned needles
 h - 222 stones (quivered)
Armour
 j - a +0 robe of fire resistance
 k - a +0 pair of boots (worn)
 s - a +1 hat (worn)
 t - a +0 cloak (worn)
 z - a +0 robe of magic resistance (worn)
Jewellery
 r - a ring of flight (left hand)
 x - a ring of protection from magic (right hand)
 B - a cursed amulet of inaccuracy {unknown}
Wands
 u - a wand of polymorph (7)
 y - a wand of paralysis (14)
Scrolls
 a - a scroll of random uselessness {unknown}
 e - a scroll of remove curse
 l - a scroll of teleportation
 o - 2 scrolls of enchant weapon {unknown}
 p - a scroll of blinking {unknown}
 q - a scroll of amnesia {unknown}
Potions
 c - a potion of haste {unknown}
 f - a potion of might
 n - 5 potions of curing
 v - a potion of magic
 w - a potion of agility {unknown}
 A - a potion of berserk rage {unknown}
Comestibles
 d - 15 rations


   Skills:
 * Level 3.0 Fighting
 - Level 0.8 Short Blades
 - Level 1.5 Dodging
 + Level 10.9 Stealth
 - Level 2.2 Spellcasting
 - Level 5.1 Hexes


You had 2 spell levels left.
You knew the following spells:

 Your Spells              Type           Power        Failure   Level  Hunger
a - Corona                Hex            ###....      2%          1    #......
b - Ensorcelled Hibernat  Hex/Ice        #.....       12%         2    ###....
c - Confuse               Hex            ###.....     8%          3    ###....
d - Tukima's Dance        Hex            ###.....     8%          3    ###....


Dungeon Overview and Level Annotations

Branches:
Dungeon (6/15)             Temple (1/1) D:4

Altars:
Dithmenos
Gozag
Nemelex Xobeh
Okawaru
Qazlal
Ru
Trog
Wu Jian
Yredelemnul

Shops:
D:5 [(   D:6 !(=

Annotations:
D:6 Prince Ribbit


Innate Abilities, Weirdness & Mutations

You have razor-sharp teeth.
Your natural rate of healing is unusually fast.
When hurt, damage is shared between your health and your magic reserves.
Your bite disrupts and absorbs the magic of your enemies.
Potions cannot restore your health.
You are immune to rotting.


Message History

The hornet zombie is heavily damaged.
The hornet zombie hits you but does no damage.
You hit the hornet zombie. You bite the hornet zombie. You drain its power.
You feel invigorated.
The hornet zombie is severely damaged.
The hornet zombie hits you but does no damage.
Evoke which item? (* to show all) (? for menu, Esc to quit)
Aiming: Paralyse
Press: ? - help, Shift-Dir - straight line, f - hornet zombie
Aim: a hornet zombie (severely damaged, chance to defeat MR: 56%)
The hornet zombie resists with significant effort.
The hornet zombie hits you!
* * * LOW HITPOINT WARNING * * *
The hornet zombie hits you.
* * * LOW HITPOINT WARNING * * *
You have no ailments to cure.
Okay, then.
As you read the scroll of teleportation, it crumbles to dust.
You feel strangely unstable. The hornet zombie hits you.
You die...

#.......#......>...≈.#...
#........................
#........................
##........................
.........##.....#.##......
##..........(...#.###.....
#.......#.........#......
#......###.....#.........
#.#...ZZ@....##..........
......#W###........###[)[.
......?.# #........# #..#.
?............#+#...# ####.
....%........+ +...#######
.........##..#+#..........
#......####...............
...... ....F....<.....
....#.##.......


You could see a phantom, a hornet zombie and a bullfrog skeleton.

Vanquished Creatures
  2 sky beasts (D:5)
  An ogre (D:4)
  A centaur (D:5)
  2 bullfrogs
  Blork the orc (D:5)
  2 scorpions
  3 crimson imps (D:5)
  A hound (D:6)
  2 jellies
  Crazy Yiuf (D:6)
  3 orc wizards
  Jessica (D:2)
  2 iguanas
  3 adders
  An adder skeleton (D:5)
  2 adder zombies (D:5)
  3 worms
  5 dart slugs
  2 leopard geckos
  19 orcs
  7 bats
  5 giant cockroaches
  7 goblins
  5 hobgoblins
  4 jackals (D:2)
  9 kobolds
  2 ball pythons
  7 frilled lizards
  A leopard gecko zombie (D:6)
  12 rats
  A fungus (D:6)
117 creatures vanquished.

Notes
Turn   | Place    | Note
-------+----------+-------------------------------------------
     0 | D:1      | torrenera the Vine Stalker Enchanter began the quest for the Orb.
     0 | D:1      | Reached XP level 1. HP: 9/9 MP: 4/4
   202 | D:1      | Reached XP level 2. HP: 7/13 MP: 3/6
   210 | D:1      | Reached skill level 4 in Stealth
   219 | D:1      | Learned a level 2 spell: Ensorcelled Hibernation
  1120 | D:1      | Reached XP level 3. HP: 13/16 MP: 1/7
  1515 | D:2      | Learned a level 3 spell: Confuse
  1569 | D:2      | Noticed Jessica
  1580 | D:2      | Killed Jessica
  1580 | D:2      | Reached skill level 5 in Stealth
  1580 | D:2      | Gained mutation: Your natural rate of healing is unusually fast. [Vine Stalker growth]
  1580 | D:2      | Reached XP level 4. HP: 18/21 MP: 1/8
  1648 | D:2      | Found a stormy altar of Qazlal.
  2429 | D:2      | Found a basalt altar of Yredelemnul.
  2429 | D:2      | Found a faded altar of an unknown god.
  2434 | D:2      | Found an iron altar of Okawaru.
  2436 | D:2      | Found a faded altar of an unknown god.
  2437 | D:2      | Found a sparkling altar of Nemelex Xobeh.
  2638 | D:3      | Reached skill level 6 in Stealth
  2638 | D:3      | Reached XP level 5. HP: 21/24 MP: 1/9
  2949 | D:3      | Found a sacrificial altar of Ru.
  3343 | D:4      | Noticed an ogre
  3357 | D:4      | Killed an ogre
  3357 | D:4      | Reached skill level 7 in Stealth
  3357 | D:4      | Reached XP level 6. HP: 28/28 MP: 5/10
  3447 | D:4      | Upgraded the game from 0.22-a0-301-gf0fe05c to 0.22-a0-303-g4a852b3
  3547 | D:4      | Found an opulent altar of Gozag.
  3551 | D:4      | Found an ornate altar of the Wu Jian Council.
  3716 | D:4      | Found a staircase to the Ecumenical Temple.
  3725 | Temple   | Entered the Ecumenical Temple
  3732 | Temple   | Became a worshipper of Dithmenos the Shadowed
  4015 | D:5      | Entered Level 5 of the Dungeon
  4024 | D:5      | Reached skill level 5 in Hexes
  4079 | D:5      | Found Egakuy's Antique Weapon Boutique.
  4157 | D:5      | Reached skill level 8 in Stealth
  4162 | D:5      | Learned a level 3 spell: Tukima's Dance
  4225 | D:5      | Reached XP level 7. HP: 32/32 MP: 11/11
  4408 | D:5      | Reached skill level 1 in Fighting
  4427 | D:5      | Reached skill level 9 in Stealth
  4544 | D:5      | Found Jaimpeasm's Armour Shop.
  4575 | D:5      | Got an encrusted long sword
  4611 | D:5      | Identified the cursed +2 long sword "Inluid" {slice, Str+2 SInv} (You found it on level 5 of the Dungeon)
  4813 | D:5      | Found an iron altar of Okawaru.
  4994 | D:6      | Found Mocasirr's Jewellery Shoppe.
  4998 | D:6      | Found Cudumol's Distillery.
  4999 | D:6      | Noticed Blork the orc
  5020 | D:5      | Killed Blork the orc
  5305 | D:6      | Bought 2 potions of curing for 78 gold pieces
  5321 | D:6      | Reached skill level 10 in Stealth
  5331 | D:6      | Gained mutation: You have razor-sharp teeth. [Vine Stalker growth]
  5331 | D:6      | Reached XP level 8. HP: 39/39 MP: 9/12
  5719 | D:6      | Found Iveaff's Weapon Shoppe.
  5766 | D:6      | Noticed Prince Ribbit
  5926 | D:6      | Found a runed door.
  5930 | D:6      | Noticed Crazy Yiuf
  5934 | D:6      | Killed Crazy Yiuf
  6039 | D:6      | Slain by a hornet zombie

Vault maps used:
D:1:      lightli_arrival_quake, dk_noncrumbling_4, minivault_5,
          minmay_close_crescents
D:2:      chequers_temple_overflow_minitemple, first_ration,
          grunt_qazlal_sundering, uniq_jessica
D:3:      nicolae_ru_the_path_less_chosen
D:4:      grunt_temple_overflow_open, minmay_temple_entry_poolview
D:5:      serial_shops, nicolae_shop_temple_entry_statues_fountains, shop,
          portal_sewer_entry_e, basic_altar, dk_vineyard_1
D:6:      serial_bayou, serial_bayou_pond_d, serial_bayou_lagoon_b,
          serial_bayou_lagoon_a, serial_bayou_pond_d, serial_bayou_shore_a,
          serial_shops, kennysheep_little_box, shop_fountains,
          kennysheep_mini_moat, shop, shop, uniq_prince_ribbit1,
          uniq_crazy_yiuf_cottage, uniq_blork_the_orc
Temple:   nicolae_temple_elliptical

Skill      XL: |  1  2  3  4  5  6  7  8 |
---------------+-------------------------+-----
Stealth        | 4 5 6 7 8 10 | 10.9
Hexes          | 4 5 |  5.1
Fighting       | 2 3 |  3.0
Short Blades   | |  0.8
Dodging        | |  1.5
Spellcasting   | |  2.2

Action                   |  1- 3 |  4- 6 |  7- 9 || total
-------------------------+-------+-------+-------++-------
Melee: Dagger            |    53 |       |       ||    53
       Bite              |     9 |    17 |    25 ||    51
       Short sword       |    26 |   109 |    99 ||   234
Throw: Stone             |       |     1 |       ||     1
 Cast: Corona            |     3 |     1 |       ||     4
       Ensorcelled Hiber |    12 |    24 |    25 ||    61
       Confuse           |       |     1 |     6 ||     7
Evoke: Wand              |       |       |     1 ||     1
  Use: Scroll            |       |     4 |     3 ||     7
       Potion            |       |       |     2 ||     2
 Stab: Sleeping          |    10 |    21 |    13 ||    44
  Eat: Chunk             |     3 |    10 |     8 ||    21
Armor: Robe              |    25 |    15 |    29 ||    69
       Skin              |       |       |     3 ||     3
Dodge: Dodged            |    62 |    64 |    58 ||   184

Table legend:
 A = Spawn XP
 B = Non-spawn XP
 C = Spawn XP percentage of total XP
 D = Spawn monster count
 E = Non-spawn monster count
 F = Spawn count percentage of total count
 G = Total turns spent on level
                    A         B        C        D         E        F      G
               +---------+---------+-------+---------+---------+-------+---------
         Total |       0 |    1686 |   0.0 |       0 |     116 |   0.0 |  6039
               +---------+---------+-------+---------+---------+-------+---------
           D:1 |       0 |      50 |   0.0 |       0 |      29 |   0.0 |  1564
           D:2 |       0 |      91 |   0.0 |       0 |      24 |   0.0 |   920
           D:3 |       0 |     104 |   0.0 |       0 |      20 |   0.0 |   737
           D:4 |       0 |     253 |   0.0 |       0 |      11 |   0.0 |   860
           D:5 |       0 |     812 |   0.0 |       0 |      22 |   0.0 |  1533
           D:6 |       0 |     376 |   0.0 |       0 |      10 |   0.0 |   412
               +---------+---------+-------+---------+---------+-------+---------
